 Dungeon Crawl Stone Soup version 0.30-a0-242-g7bf8e6d787 (webtiles) character file.

Game seed: 14239231121681647366

2537 blackman the Carver (level 9, -1/56 HPs)
             Began as a Human Delver on Oct 12, 2022.
             Was a Priest of Hepliaklqana.
             Succumbed to a killer bee's poison
             ... on level 7 of the Dungeon.
             The game lasted 00:16:27 (7114 turns).

blackman the Carver (Human Delver)                  Turns: 7114, Time: 00:16:27

Health: -1/56      AC:  8    Str: 12    XL:     9   Next: 85%
Magic:  9/9        EV:  8    Int: 10    God:    Hepliaklqana [***...]
Gold:   303        SH: 11    Dex: 20    Spells: 8/8 levels left

rFire   + . .      SeeInvis .    C - +0 long sword
rCold   + . .      Faith    .    m - +0 kite shield
rNeg    . . .      Spirit   .    A - +0 scale mail
rPois   +          Reflect  .    k - +0 helmet
rElec   +          Harm     .    (no cloak)
rCorr   +          Rampage  .    p - +0 pair of gloves
Will    .....                    (no boots)
Stlth   ++........               j - amulet of the acrobat
HPRegen 0.29/turn                (no ring)
MPRegen 0.11/turn                (no ring)

@: lethally poisoned (-1 -> -8), resistant, flying
A: reduced essence
a: Renounce Religion, Recall Ancestor, Ancestor Identity, Transference


You were on level 7 of the Dungeon.
You worshipped Hepliaklqana.
Hepliaklqana was most pleased with you.
You visited 2 branches of the dungeon, and saw 7 of its levels.

You collected 303 gold pieces.

Inventory:

Hand Weapons
 C - a +0 long sword (weapon)
Missiles
 y - 5 datura-tipped darts
 D - 11 poisoned darts (quivered)
Armour
 b - a +0 leather armour
 k - a +0 helmet (worn)
 l - an orb of energy
 m - a +0 kite shield (worn)
 p - a +0 pair of gloves (worn)
 A - a +0 scale mail (worn)
Jewellery
 j - an amulet of the acrobat (around neck)
Wands
 g - a wand of digging (2)
 h - a wand of flame (16)
Scrolls
 a - a scroll of noise {unknown}
 c - 4 scrolls of fog
 d - 2 scrolls of enchant weapon {unknown}
 e - 7 scrolls of identify {unknown}
 f - 3 scrolls of fear
 n - a scroll of immolation {unknown}
 o - 3 scrolls of teleportation {unknown}
 r - a scroll of summoning {unknown}
 t - 2 scrolls of torment {unknown}
 u - a scroll of blinking {unknown}
 B - a scroll of enchant armour {unknown}
Potions
 i - a potion of cancellation {unknown}
 q - a potion of degeneration {unknown}
 s - a potion of flight
 v - a potion of invisibility {unknown}
 w - a potion of resistance
 x - a potion of might {unknown}
 z - a potion of magic {unknown}
 E - a potion of lignification {unknown}


   Skills:
 - Level 3.0 Fighting
 * Level 11.2 Long Blades
 - Level 2.0 Dodging
 - Level 5.0 Stealth
 * Level 6.0 Shields


You had 8 spell levels left.
You didn't know any spells.
Your spell library contained the following spells:

 Spells                   Type           Power      Damage    Failure   Level
 Kiss of Death            Conj/Necr      0%         2d5       99%         1
 Confusing Touch          Hex            0%         N/A       100%        3
 Dispel Undead            Necr           0%         3d6       100%        4


Dungeon Overview and Level Annotations

Branches:
Dungeon (7/15)             Temple (1/1) D:4

Altars:
Ashenzari
Cheibriados
Dithmenos
Fedhas
Gozag
Hepliaklqana
Kikubaaqudgha
Makhleb
Nemelex Xobeh
Ru
Sif Muna
Trog
Uskayaw
Vehumet
Wu Jian
Xom
Yredelemnul
The Shining One

Annotations:
D:3 1 runed translucent door, Crazy Yiuf
D:4 1 transporter, berneep's ghost, novice MiHu


Message History

You closely miss the killer bee.
You feel sick. The killer bee stings you.
You are more poisoned.
The killer bee poisons you! You block the killer bee's attack.
Valamore completely misses the killer bee.
You hit the killer bee.
The killer bee is moderately wounded.
You feel very sick. The killer bee stings you.
You block the killer bee's attack.
Valamore misses the killer bee.
You are too injured to fight recklessly!
You are too injured to fight recklessly!
You are too injured to fight recklessly!
You miss the killer bee.
The killer bee is moderately wounded.
You feel sick. You block the killer bee's attack.
The killer bee barely misses you.
Valamore closely misses the killer bee.
You block the killer bee's attack.
You miss the killer bee.
The killer bee is moderately wounded.
You feel sick. The killer bee stings you.
Valamore barely misses the killer bee.
The killer bee stings you.
You hit the killer bee but do no damage.
The killer bee is moderately wounded.
You feel sick. The killer bee stings you.
* * * LOW HITPOINT WARNING * * *
You are more poisoned.
The killer bee poisons you!
Valamore hits the killer bee with a +0 flail!
You block the killer bee's attack.
It was a potion of flight.
You feel very buoyant.
You fly up into the air.
* * * LOW HITPOINT WARNING * * *
You feel very sick. The killer bee stings you!
* * * LOW HITPOINT WARNING * * *
Valamore barely misses the killer bee.
The killer bee barely misses you.
It was a potion of resistance.
You feel protected.
You die...

##### #..##
#..#..##
#.####.##
##### #.
##.####.....
.
##.........
.. #..†.###.
## # ##†.##
....##..##
#...R@#
##..y)#
#......
#(.......
...##......
... ..####..
.. ..# ..#
..# .#


You could see the friendly Valamore the knight and a killer bee (ally target).

Vanquished Creatures
  Grinder (D:6)
  Duvessa (D:7)
  A centaur (D:7)
  2 ogres
  A necrophage (D:7)
  2 scorpions
  A killer bee (D:7)
  2 hounds
  An orc priest (D:7)
  4 jellies
  An iguana (D:4)
  2 gnolls (D:4)
  5 adders
  2 worms
  2 dart slugs
  7 orcs
  2 ball pythons
  3 bats (D:2)
  2 endoplasms
  A giant cockroach (D:4)
  2 goblins
  8 hobgoblins
  7 jackals (D:2)
  4 quokkas
  A frilled lizard (D:2)
  5 kobolds
  3 rats (D:3)
73 creatures vanquished.

Vanquished Creatures (collateral kills)
  Prince Ribbit (D:5)
  An ice beast (D:6)
  An orc warrior (D:7)
  2 black bears
  An ogre (D:4)
  A necrophage (D:6)
  2 scorpions
  4 wights (D:6)
  Dowan (D:7)
  2 killer bees (D:7)
  2 orc priests
  A hound (D:6)
  2 iguanas (D:5)
  An orc wizard (D:6)
  5 gnolls
  An adder (D:5)
  A white imp (D:5)
  An ufetubus (D:5)
  2 orcs (D:6)
  A giant cockroach (D:4)
  A hobgoblin (D:4)
  A ball python (D:4)
35 creatures vanquished.

Vanquished Creatures (others)
  2 ancestors (D:4)
  2 fungi (D:3)
4 creatures vanquished.

Grand Total: 112 creatures vanquished

Notes
Turn   | Place    | Note
-------+----------+-------------------------------------------
     0 | D:5      | blackman the Human Delver began the quest for the Orb.
     0 | D:5      | Reached XP level 1. HP: 18/18 MP: 1/1
    24 | D:5      | Noticed an iguana
    38 | D:5      | Noticed a centaur
    39 | D:5      | Noticed a scorpion
   215 | D:4      | Reached XP level 2. HP: 24/24 MP: 2/2
   225 | D:4      | Found a staircase to the Ecumenical Temple.
   235 | D:4      | Noticed an ogre
   239 | Temple   | Entered the Ecumenical Temple
   355 | Temple   | Became a worshipper of Hepliaklqana the Forgotten
   450 | D:3      | Reached skill level 3 in Long Blades
   555 | D:3      | Reached XP level 3. HP: 24/29 MP: 3/3
   618 | D:3      | Found a runed translucent door.
   636 | D:3      | Noticed Crazy Yiuf
   993 | D:2      | Reached skill level 4 in Long Blades
   993 | D:2      | Reached XP level 4. HP: 31/35 MP: 4/4
  1630 | D:3      | Reached * piety under Hepliaklqana
  2087 | D:4      | Reached XP level 5. HP: 35/36 MP: 5/5
  2095 | D:4      | Killed an ogre
  2096 | D:4      | Reached skill level 5 in Long Blades
  2113 | D:4      | Found a sacrificial altar of Ru.
  2192 | D:4      | Reached XP level 6. HP: 26/42 MP: 6/6
  2269 | D:4      | Reached skill level 6 in Long Blades
  2298 | D:4      | Noticed an ogre
  2300 | D:4      | Noticed berneep's ghost (novice MiHu)
  2302 | D:4      | Found a transporter.
  2302 | D:4      | Noticed an ogre
  2735 | D:4      | Noticed an ogre
  2742 | D:4      | Killed an ogre
  2743 | D:4      | Reached skill level 7 in Long Blades
  2743 | D:4      | Reached XP level 7. HP: 46/46 MP: 7/7
  2886 | D:4      | Reached ** piety under Hepliaklqana
  2887 | D:4      | Remembered your ancestor Valamore as a knight
  3182 | D:5      | Noticed Prince Ribbit
  3477 | D:5      | Killed Prince Ribbit
  3478 | D:5      | Reached skill level 8 in Long Blades
  3567 | D:5      | Reached XP level 8. HP: 41/52 MP: 8/8
  3672 | D:5      | Reached skill level 9 in Long Blades
  3770 | D:5      | Found a broken altar of Ashenzari.
  4268 | D:6      | Reached skill level 1 in Shields
  4293 | D:6      | Noticed Grinder
  4303 | D:6      | Reached skill level 10 in Long Blades
  5096 | D:6      | Reached XP level 9. HP: 38/56 MP: 9/9
  5113 | D:6      | Paralysed by Grinder for 4 turns
  5124 | D:6      | Killed Grinder
  5703 | D:6      | Reached *** piety under Hepliaklqana
  6568 | D:7      | Noticed Dowan
  6576 | D:7      | Killed Dowan
  6616 | D:7      | Noticed Duvessa
  6628 | D:7      | Killed Duvessa
  6629 | D:7      | Reached skill level 5 in Shields
  7088 | D:7      | Reached skill level 11 in Long Blades
  7113 | D:7      | HP: 1/56 [killer bee (8)]
  7114 | D:7      | Succumbed to a killer bee's poison

Illustrated notes

Levels and vault maps discovered:
D:2:      layout_rooms
D:3:      layout_basic, uniq_crazy_yiuf_cottage
D:4:      layout_basic, mainiacjoe_overflow_tiny_flanked,
          minmay_temple_entry_waves, gammafunk_ghost_smash
D:5:      layout_cave_pods, ashenzari_conservatory_becter,
          nicolae_kite_square_tiling_tiny, grunt_tough_drop, uniq_prince_ribbit1
D:6:      layout_layer_cave, uniq_grinder
D:7:      layout_layer_cave, minmay_misc_feat_nine_boxes, uniq_duvessa
Temple:   regret_index_temple_sphere_string

Skill      XL: |  1  2  3  4  5  6  7  8  9 |
---------------+----------------------------+-----
Long Blades    | 3 4 5 7 8 10 11 | 11.2
Shields        | 3 6 |  6.0
Fighting       | |  3.0
Dodging        | |  2.0
Stealth        | |  5.0

Action                   |  1- 3 |  4- 6 |  7- 9 || total
-------------------------+-------+-------+-------++-------
Melee: Falchion          |    84 |   120 |    70 ||   274
       Punch             |     1 |       |       ||     1
       Long sword        |       |       |    65 ||    65
Throw: Dart              |       |       |     2 ||     2
Invok: Ancestor Identity |       |     2 |       ||     2
       Recall Ancestor   |       |       |     4 ||     4
       Ancestor Life: Kn |       |       |     1 ||     1
Evoke: Wand              |     9 |    10 |    14 ||    33
  Use: Scroll            |     2 |       |       ||     2
       Potion            |       |       |     4 ||     4
 Stab: Distracted        |     2 |       |     3 ||     5
       Sleeping          |     1 |     8 |     2 ||    11
Armor: Leather armour    |    27 |    30 |     8 ||    65
       Scale mail        |       |       |    26 ||    26
Dodge: Dodged            |    76 |    69 |    50 ||   195
Block: Kite shield       |       |    27 |    67 ||    94

Table legend: (Time is in decaauts)
 A = Elapsed time spent in this place.
 B = Non-inter-level travel time spent in this place.
 C = Inter-level travel time spent in this place.
 D = Time resting spent in this place.
 E = Time spent auto-exploring this place.
 F = Levels seen in this place.
 G = Mean time per level.
                   A        B        C        D        E       F      G
               +--------+--------+--------+--------+--------+-----+--------+
         Total |   7111 |   6864 |    247 |   1285 |   4313 |   7 | 1015.9 |
       Dungeon |   6970 |   6752 |    218 |   1285 |   4216 |   6 | 1161.7 |
        Temple |    141 |    112 |     29 |      0 |     97 |   1 |  141.0 |
               +--------+--------+--------+--------+--------+-----+--------+

Top non-repeatable levels by time:
     D:4: 1731 daAuts
     D:5: 1667 daAuts
     D:6: 1332 daAuts
     D:7: 851 daAuts
     D:3: 769 daAuts
     D:2: 618 daAuts
  Temple: 141 daAuts
